 Dungeon Crawl Stone Soup version 0.28-a0-533-g9f97627e2a (webtiles) character file.

Game seed: 16821851528454603760

79 sanka the Changer (level 3, -3/27 HPs)
             Began as a Demigod Transmuter on Sept 25, 2021.
             Killed by divine providence
             ... invoked by an orc priest
              (9 damage)
             ... on level 3 of the Dungeon.
             The game lasted 00:02:43 (1684 turns).

sanka the Changer (Demigod Transmuter)              Turns: 1684, Time: 00:02:43

Health: -3/27      AC:  2    Str: 11    XL:     3   Next: 97%
Magic:  4/8        EV: 19    Int: 19    God:
Gold:   24         SH:  0    Dex: 19    Spells: 0/6 levels left

rFire   . . .      SeeInvis .     - Unarmed
rCold   . . .      Faith    .   (shield currently unavailable)
rNeg    . . .      Spirit   .   (armour currently unavailable)
rPois   x          Reflect  .   (helmet currently unavailable)
rElec   .          Harm     .   (cloak currently unavailable)
rCorr   .          Rampage  .   (gloves currently unavailable)
Will    .....                   (boots currently unavailable)
Stlth   +.........              (no amulet)
HPRegen 0.09/turn               (no ring)
MPRegen 0.11/turn               (no ring)

@: confused, spider-form (expiring)
A: venomous fangs, tiny, high mp 1, forlorn
a: End Transformation


You were on level 3 of the Dungeon.
You were a venomous arachnid creature.
You visited 1 branch of the dungeon, and saw 3 of its levels.

You collected 24 gold pieces.


Innate Abilities, Weirdness & Mutations

You are a venomous arachnid creature.
You have poisonous fangs.
You are tiny and dextrous.
Your spellcasting is less reliable in this form.
Your armour is entirely melded.
You are incapable of wielding weapons or throwing items.
Your attributes grow dramatically as you level up.
You have an increased reservoir of magic. (+10% MP)
You shall have no god before yourself.


   Skills:
 - Level 0.8 Fighting
 - Level 1.7 Dodging
 - Level 2.6 Unarmed Combat
 - Level 2.0 Spellcasting
 + Level 4.0 Transmutations


You couldn't memorise any spells.
You knew the following spells:

 Your Spells              Type           Power      Damage    Failure   Level
x - Spider Form           Tmut/Pois      4%         N/A       43%         3
y - Wereblood             Tmut           17%        N/A       14%         2
z - Beastly Appendage     Tmut           34%        N/A       11%         1

Your spell library contained the following spells:

 Spells                   Type           Power      Damage    Failure   Level
 Ice Form                 Ice/Tmut       9%         N/A       78%         4

Inventory:

Armour
 a - a +0 robe (melded)
 e - a +0 helmet (melded)
Scrolls
 c - a scroll of enchant weapon {unknown}
 f - a scroll of noise {unknown}
 g - 3 scrolls of identify {unknown}
 h - a scroll of teleportation {unknown}
 i - 2 scrolls of immolation {unknown}
 j - 2 scrolls of blinking {unknown}
 k - 2 scrolls of fear {unknown}
 m - a scroll of magic mapping {unknown}
Potions
 b - 2 potions of mutation {unknown}
 d - a potion of berserk rage {unknown}
 l - a potion of degeneration {unknown}
 n - a potion of heal wounds {unknown}

Dungeon Overview and Level Annotations

Branches:
Dungeon (3/15)

Shops:
D:1

(
▒...▒.†.▒▒▒▒▒▒▒▒
▒.▒▒▒▒▒.........
▒...▒...▒▒▒▒▒▒▒▒
▒▒ ▒▒▒.▒.▒▒▒ ..
▒...▒ ▒.▒▒▒
▒▒.▒▒ ... ▒.▒
▒.▒▒▒▒▒.▒▒▒▒▒.
▒...s.o)).....▒
▒▒▒▒▒▒▒.▒▒▒▒▒▒▒
▒.▒ ▒.▒ ▒.▒ ▒.▒
▒.▒ .▒


You could see an orc priest.


Message History

* * * LOW HITPOINT WARNING * * *
The spell is extremely dangerous to cast (24% risk of failure)!
Continue anyway?
You turn into a venomous arachnid creature.
The orc wizard hits you with a +0 dagger of electrocution.
* * * LOW HITPOINT WARNING * * *
You hit the orc wizard.
The orc wizard looks even sicker.
The orc wizard is severely wounded.
The orc wizard casts a spell at you.
You are confused.
Unknown command.
You bump into the rock wall.
You bump into the rock wall.
You kill the orc wizard!
You hit the orc.
The orc is poisoned.
The orc is almost dead.
You kill the orc!
Your Transmutations skill increases to level 4!
You're too confused to move!
Your transformation is almost over.
The orc priest barely misses you.
You hit the orc priest.
The orc priest is lightly wounded.
The orc priest completely misses you.
You're too confused to move!
The orc priest closely misses you.
The orc priest calls down the wrath of Beogh upon you.
Beogh smites you!
You die...

Action                   || total
-------------------------++-------
Melee: Unarmed           ||   102
       Kick              ||    14
       Headbutt          ||    10
 Cast: Beastly Appendage ||    24
       Spider Form       ||     2
 Stab: Sleeping          ||     1
Armor: Robe              ||    15
Dodge: Dodged            ||    47

Levels and vault maps discovered:
D:1:      saegor_arrival_simple_c, layout_rooms, serial_shops, shop
D:2:      layout_rooms, shapermc_ecumenical_altar_pompeii
D:3:      layout_loops_ring, portal_sewer_entry_a, kennysheep_nondescript,
          uniq_robin, uniq_jessica

Notes
Turn   | Place    | Note
-------+----------+-------------------------------------------
     0 | D:1      | sanka the Demigod Transmuter began the quest for the Orb.
     0 | D:1      | Reached XP level 1. HP: 15/15 MP: 5/5
   146 | D:1      | Found Xuudenohat's Weapon Shoppe.
   160 | D:1      | Reached skill level 2 in Transmutations
   178 | D:1      | Reached skill level 2 in Spellcasting
   306 | D:1      | Reached XP level 2. HP: 22/22 MP: 5/7
   358 | D:1      | Learned a level 2 spell: Wereblood
   866 | D:2      | Reached skill level 3 in Transmutations
  1031 | D:2      | Reached XP level 3. HP: 20/27 MP: 6/8
  1104 | D:2      | Learned a level 3 spell: Spider Form
  1681 | D:3      | Reached skill level 4 in Transmutations
  1684 | D:3      | Killed from afar by an orc priest

Vanquished Creatures
  An orc wizard (D:3)
  2 adders (D:2)
  A dart slug (D:1)
  3 orcs (D:3)
  3 ball pythons
  An endoplasm (D:2)
  3 giant cockroaches
  3 goblins (D:1)
  2 hobgoblins
  A quokka (D:1)
  3 bats (D:1)
  2 frilled lizards
  5 kobolds
  3 rats (D:1)
33 creatures vanquished.
